 Dungeon Crawl Stone Soup version 0.18.1-50-g88ac8fd (webtiles) character file.

72 Ilten the Skirmisher (level 4, -5/35 HPs)
             Began as a Demonspawn Abyssal Knight on Apr 2, 2017.
             Was a Believer of Lugonu.
             Killed by nerve-wracking pain
             ... invoked by Jessica
              (11 damage)
             ... on level 3 of the Dungeon.
             The game lasted 00:13:43 (1495 turns).

Ilten the Skirmisher (Demonspawn Abyssal Knight)    Turns: 1495, Time: 00:13:44

Health: -5/35      AC:  5    Str: 12    XL:     4   Next: 6%
Magic:  5/5        EV: 11    Int: 13    God:    Lugonu [**....]
Gold:   90         SH:  0    Dex: 14    Spells: 0 memorised, 3 levels left

rFire  . . .     SeeInvis .     n - +0 dagger (freeze)
rCold  . . .     Gourm    .     l - +0 ring mail
rNeg   . . .     Faith    .     (no shield)
rPois  .         Spirit   .     e - +0 hat
rElec  .         Dismiss  .     (no cloak)
rCorr  .         Reflect  .     (no gloves)
SustAt .         Harm     .     (no boots)
MR     .....                    (no amulet)
Stlth  +.........               (no ring)
                                (no ring)

@: very slightly contaminated, not resistant to hostile enchantments, very
unstealthy
A: powered by death 1
a: Depart the Abyss, Bend Space, Renounce Religion


You were on level 3 of the Dungeon.
You worshipped Lugonu.
Lugonu was pleased with you.
You were not hungry.

You visited 1 branch of the dungeon, and saw 3 of its levels.
You visited the Abyss 1 time.

You collected 90 gold pieces.

Inventory:

Hand Weapons
 a - a +1 falchion
 n - a +0 dagger of freezing (weapon)
Armour
 e - a +0 hat (worn)
 l - a +0 ring mail (worn)
Scrolls
 m - 2 scrolls of teleportation {unknown}
 o - 2 scrolls of enchant armour {unknown}
Potions
 d - 2 potions of berserk rage {unknown}
 f - a potion of mutation {unknown}
 g - a potion of invisibility
 j - a potion of cure mutation {unknown}
Comestibles
 b - a meat ration
 c - 7 chunks of flesh


   Skills:
 + Level 3.5 Fighting
 + Level 0.3(1.3) Short Blades
 + Level 2.1(2.2) Long Blades
 + Level 2.7 Armour
 + Level 1.6 Dodging
 + Level 0.2 Stealth
 + Level 2.6 Invocations


You had 3 spell levels left.
You didn't know any spells.

Dungeon Overview and Level Annotations

Branches:
Dungeon (3/15)

Altars:

Annotations:
D:2 Jessica, Natasha


Innate Abilities, Weirdness & Mutations

You regenerate a little health from kills.


Message History

The dart slug bites you but does no damage.
Natasha mumbles some strange words.
The dart slug bites you but does no damage.
You hear some strange, mumbled words.
The crimson imp blinks!
There is a stone staircase leading down here.
Something hits you.
* * * LOW HITPOINT WARNING * * *
Natasha mewls in sadness.
Something hits you but does no damage.
You climb downwards.
A quokka comes into view.
Found a meat ration.
There is a stone staircase leading up here.
You miss the quokka. Something barely misses you. The quokka bites you.
* * * LOW HITPOINT WARNING * * *
You closely miss the quokka.
You hear some strange, mumbled words.
Pain shoots through your body!
You die...

#######
#%....#
#.....#
#.....####.
#..r.......
#..@..#
#.....#
#.....#
#####.# ..
#.# .# .#


You could see a quokka.

Vanquished Creatures
  Robin (D:2)
  An adder (D:2)
  2 dart slugs (D:1)
  2 giant geckos (D:1)
  2 giant cockroaches (D:1)
  12 goblins
  9 hobgoblins
  A jackal (D:2)
  5 bats
  3 giant newts (D:1)
  4 kobolds
  3 rats
45 creatures vanquished.

Notes
Turn   | Place    | Note
--------------------------------------------------------------
     0 | Abyss:1  | Ilten the Demonspawn Abyssal Knight began the quest for the Orb.
     0 | Abyss:1  | Reached XP level 1. HP: 18/18 MP: 2/2
     0 | D:1      | Escaped the Abyss
   121 | D:1      | Reached * piety under Lugonu
   349 | D:1      | Gained mutation: You regenerate a little health from kills. [demonic ancestry]
   349 | D:1      | Reached XP level 2. HP: 6/24 MP: 3/3
   873 | D:1      | Reached skill level 1 in Dodging
   977 | D:1      | Reached XP level 3. HP: 29/29 MP: 4/4
  1313 | D:2      | Noticed Robin
  1362 | D:2      | Killed Robin
  1386 | D:2      | Reached ** piety under Lugonu
  1448 | D:2      | Reached XP level 4. HP: 35/35 MP: 5/5
  1452 | D:2      | Noticed Jessica
  1474 | D:2      | Noticed Natasha
  1495 | D:3      | Killed from afar by Jessica

Skill      XL: |  1  2 |
---------------+-------+-----
Armour         | 2 |  2.7
Long Blades    | 2 |  2.1
Dodging        | 1 |  1.6
Fighting       | |  3.5
Short Blades   | |  0.3
Stealth        | |  0.2
Invocations    | |  2.6

Action                   |  1- 3 |  4- 6 || total
-------------------------+-------+-------++-------
Melee: Falchion          |    43 |       ||    43
       Dagger            |   111 |    23 ||   134
Invok: Depart the Abyss  |     1 |       ||     1
  Use: Scroll            |     1 |     2 ||     3
  Eat: Bread ration      |     1 |       ||     1
       Chunk             |     1 |       ||     1
Armor: Leather armour    |    13 |       ||    13
       Ring mail         |    44 |    24 ||    68
Dodge: Dodged            |   114 |    28 ||   142
